 Dungeon Crawl Stone Soup version 0.30-a0-585-g93115170b9 (webtiles) character file.

Game seed: 4245696768216476401

300 wormed the Ruffian (level 6, -4/59 HPs)
             Began as a Troll Gladiator on Jan 2, 2023.
             Slain by a black bear (8 damage)
             ... on level 4 of the Dungeon.
             The game lasted 00:04:23 (1952 turns).

wormed the Ruffian (Troll Gladiator)                Turns: 1952, Time: 00:04:24

Health: -4/59      AC:  5    Str: 23    XL:     6   Next: 13%
Magic:  5/5        EV: 11    Int:  4    God:
Gold:   105        SH:  0    Dex: 13    Spells: 5/5 levels left

rFire   . . .      SeeInvis .      - Unarmed
rCold   . . .      Faith    .    (no shield)
rNeg    . . .      Spirit   .    a - +1 robe
rPois   .          Reflect  .    b - +0 hat
rElec   .          Harm     .    (no cloak)
rCorr   .          Rampage  .    (gloves unavailable)
Will    +....                    (boots unavailable)
Stlth   +                        (no amulet)
HPRegen 1.09/turn                h - ring of willpower
MPRegen 0.09/turn                (no ring)

@: confused, ambrosia-drunk
A: large, unfitting armour, claws 3, regeneration 1, shaggy fur 1, tough skin 1
a: no special abilities


You were on level 4 of the Dungeon.
You visited 1 branch of the dungeon, and saw 4 of its levels.

You collected 105 gold pieces.

Inventory:

Missiles
 c - 3 throwing nets (quivered)
 d - a large rock
Armour
 a - a +1 robe (worn)
 b - a +0 hat (worn)
Jewellery
 g - a ring of positive energy
 h - a ring of willpower (left claw)
 m - a ring of protection from cold
Wands
 o - a wand of flame (20)
Scrolls
 e - a scroll of poison
Potions
 i - a potion of lignification {unknown}
 j - a potion of heal wounds {unknown}
 l - a potion of mutation {unknown}
 q - a potion of curing {unknown}
 r - 2 potions of cancellation {unknown}


   Skills:
 + Level 2.9 Fighting
 - Level 1.7 Throwing
 + Level 3.5 Dodging
 * Level 5.3 Unarmed Combat


You had 5 spell levels left.
You didn't know any spells.
Your spell library contained the following spells:

 Spells                   Type           Power      Damage    Failure   Level
 Freeze                   Ice            0%         1d3       50%         1
 Ensorcelled Hibernation  Hex/Ice        0%         N/A       65%         2
 Frozen Ramparts          Ice            0%         1d1       86%         3
 Hailstorm                Conj/Ice       0%         3d3       86%         3
 Spider Form              Tmut/Pois      0%         N/A       86%         3
 Anguish                  Hex/Necr       0%         N/A       99%         4
 Animate Dead             Necr           0%         N/A       99%         4
 Borgnjor's Vile Clutch   Necr/Erth      0%         N/A       100%        5
 Death Channel            Necr           0%         N/A       100%        6


Dungeon Overview and Level Annotations

Branches:
Dungeon (4/15)
 Temple: D:4-7

Altars:
Yredelemnul

Shops:
D:2 (   D:3 [


Innate Abilities, Weirdness & Mutations

You are too large for most types of armour.
You have claws for hands.
Your natural rate of healing is unusually fast.
You are covered in fur. (AC +1)
You have tough skin. (AC +1)


Message History

You are too injured to fight recklessly!
You are too injured to fight recklessly!
You are too injured to fight recklessly!
You scratch the black bear.
The black bear is almost dead.
The black bear bites you!
* * * LOW HITPOINT WARNING * * *
The black bear claws you.
* * * LOW HITPOINT WARNING * * *
The black bear claws you but does no damage.
The kobold hits you with a +0 dagger.
* * * LOW HITPOINT WARNING * * *
The goblin hits you with a +0 dagger.
* * * LOW HITPOINT WARNING * * *
Sorry, you're not good enough to have a special ability.
You are confused.
You feel invigorated. The black bear closely misses you.
The black bear claws you but does no damage.
The black bear closely misses you. The kobold hits you with a +0 dagger.
* * * LOW HITPOINT WARNING * * *
A kobold comes into view. It is wielding a +0 club.
The goblin hits you but does no damage. The black bear closely misses you.
The black bear misses you.
The black bear claws you but does no damage.
You bump into the rock wall.
The black bear closely misses you. The black bear claws you.
* * * LOW HITPOINT WARNING * * *
The black bear claws you.
* * * LOW HITPOINT WARNING * * *
The kobold barely misses you. The goblin hits you but does no damage.
An ufetubus comes into view.
The kobold misses you. The goblin barely misses you. The black bear misses you.
The black bear claws you.
* * * LOW HITPOINT WARNING * * *
The black bear closely misses you.
The ufetubus shouts!
The goblin attacks as you move away! The goblin hits you but does no damage.
The black bear attacks as you move away!
The black bear bites you!
You die...

#..... .. #..... #.. #
#..... ..# ##.##. #.....
#.### .5..... #..... #...
#.. .... #.....
#.##.K.##.# ... #.....
#.....gh# #.. #.....
#....#K@##.# #. ######
...........# ...
...........###....
.........#........
..########.....##########
. #'######...##...
#...........#...
#...........'...
#...........#...


You could see a black bear (berserk), an ufetubus, a goblin and 2 kobolds.

Vanquished Creatures
  An ogre (D:3)
  Jessica (D:2)
  Robin (D:2)
  2 adders (D:2)
  7 gnolls (D:2)
  An ufetubus (D:4)
  A worm (D:2)
  A dart slug (D:2)
  3 bats
  4 endoplasms
  3 giant cockroaches
  17 goblins
  7 hobgoblins
  9 jackals
  7 kobolds
  4 ball pythons
  3 frilled lizards
  10 rats
82 creatures vanquished.

Vanquished Creatures (others)
  A hobgoblin (D:1)
1 creature vanquished.

Grand Total: 83 creatures vanquished

Notes
Turn   | Place    | Note
-------+----------+-------------------------------------------
     0 | D:1      | wormed the Troll Gladiator began the quest for the Orb.
     0 | D:1      | Reached XP level 1. HP: 19/19 MP: 0/0
     1 | D:1      | Found a faded altar of an unknown god.
   117 | D:1      | Reached XP level 2. HP: 28/28 MP: 1/1
   488 | D:2      | Reached XP level 3. HP: 35/35 MP: 2/2
   511 | D:2      | Noticed Robin
   536 | D:2      | Killed Robin
   537 | D:2      | Reached skill level 4 in Unarmed Combat
   619 | D:2      | Reached XP level 4. HP: 42/42 MP: 3/3
   964 | D:2      | Found Resillol's Antique Weapon Shop.
  1262 | D:2      | Reached XP level 5. HP: 47/50 MP: 4/4
  1275 | D:2      | Noticed Jessica
  1276 | D:2      | Killed Jessica
  1365 | D:3      | Noticed an ogre
  1417 | D:3      | Found a basalt altar of Yredelemnul.
  1631 | D:3      | Found Renoc's Antique Armour Emporium.
  1678 | D:3      | Killed an ogre
  1679 | D:3      | Reached skill level 5 in Unarmed Combat
  1679 | D:3      | Reached XP level 6. HP: 19/59 MP: 5/5
  1952 | D:4      | Slain by a black bear

Illustrated notes

Levels and vault maps discovered:
D:1:      saegor_arrival_simple_a, layout_rooms,
          hellmonk_ecumenical_altar_run_dry
D:2:      layout_basic, serial_shops, shop, minmay_statues_item, uniq_robin,
          uniq_jessica
D:3:      layout_rooms, yredelemnul_altar_generic, serial_shops,
          nicolae_shop_advertising_works [nicolae_subvault_shop_adworks],
          minmay_strange_pillars
D:4:      layout_gridville, nicolae_dithmenos_through_a_glass_darkly,
          minmay_temple_entry_nine_rooms, serial_shops,
          nicolae_shop_hallway_stairs, minmay_vboxes

Skill      XL: |  1  2  3  4  5 |
---------------+----------------+-----
Fighting       | 2 |  2.9
Unarmed Combat | 4 5 |  5.3
Dodging        | 3 |  3.5
Throwing       | |  1.7

Action                   |  1- 3 |  4- 6 || total
-------------------------+-------+-------++-------
Melee: Unarmed           |   104 |   109 ||   213
       Punch             |     1 |     5 ||     6
  Use: Potion            |     2 |     1 ||     3
       Scroll            |       |    10 ||    10
 Stab: Sleeping          |       |     1 ||     1
Armor: Robe              |    78 |    43 ||   121
Dodge: Dodged            |   107 |    80 ||   187

Table legend: (Time is in decaauts)
 A = Elapsed time spent in this place.
 B = Non-inter-level travel time spent in this place.
 C = Inter-level travel time spent in this place.
 D = Time resting spent in this place.
 E = Time spent auto-exploring this place.
 F = Levels seen in this place.
 G = Mean time per level.
                   A        B        C        D        E       F      G
               +--------+--------+--------+--------+--------+-----+--------+
         Total |   1941 |   1847 |     94 |     34 |   1296 |   4 |  485.2 |
       Dungeon |   1941 |   1847 |     94 |     34 |   1296 |   4 |  485.2 |
               +--------+--------+--------+--------+--------+-----+--------+

Top non-repeatable levels by time:
     D:2: 920 daAuts
     D:1: 464 daAuts
     D:3: 388 daAuts
     D:4: 168 daAuts
